 Dungeon Crawl Stone Soup version 0.29.0-13-gc9e81de378 (webtiles) character file.

Game seed: 16511386030265599887

31 keekatzer the Caller (level 3, -1/30 HPs)
             Began as a Ghoul Summoner on Sept 9, 2022.
             Slain by an adder (2 damage)
             ... on level 2 of the Dungeon.
             The game lasted 00:05:21 (1263 turns).

keekatzer the Caller (Ghoul Summoner)               Turns: 1263, Time: 00:05:22

Health: -1/30      AC:  3    Str: 11    XL:     3   Next: 22%
Magic:  0/4        EV: 11    Int: 10    God:
Gold:   69         SH:  0    Dex: 11    Spells: 2/5 levels left

rFire   . . .      SeeInvis .   f - +0 flail
rCold   + . .      Faith    .   (no shield)
rNeg    + + +      Spirit   .   j - +0 leather armour
rPois   ∞          Reflect  .   (no helmet)
rElec   .          Harm     .   (no cloak)
rCorr   .          Rampage  .   (no gloves)
Will    .....                   (no boots)
Stlth   ++........              (no amulet)
HPRegen 0.00/turn               (no ring)
MPRegen 0.09/turn               (no ring)

@: inhibited regen
A: claws 1, cold resistance 1, negative energy resistance 3, inhibited
regeneration, torment resistance 2, devour on kill
a: no special abilities


You were on level 2 of the Dungeon.
You visited 1 branch of the dungeon, and saw 2 of its levels.

You collected 69 gold pieces.

Inventory:

Hand Weapons
 e - a +0 hand axe
 f - a +0 flail (weapon)
 l - a +0 dagger
Armour
 a - a +0 robe
 j - a +0 leather armour (worn)
 k - a +0 scale mail
Jewellery
 i - a ring of fire
Scrolls
 c - a scroll of enchant armour {unknown}
 h - a scroll of blinking {unknown}
 n - a scroll of poison {unknown}
Potions
 b - a potion of magic
 d - a potion of mutation {unknown}
 g - a potion of lignification {unknown}
 m - a potion of heal wounds {unknown}


   Skills:
 + Level 2.6 Fighting
 * Level 1.0 Armour
 - Level 1.7 Dodging
 - Level 2.1 Stealth
 - Level 1.7 Spellcasting
 - Level 3.6 Summonings


You had 2 spell levels left.
You knew the following spells:

 Your Spells              Type           Power      Damage    Failure   Level
a - Summon Small Mammal   Summ           32%        N/A       10%         1
b - Call Imp              Summ           8%         N/A       14%         2

Your spell library contained the following spells:

 Spells                   Type           Power      Damage    Failure   Level
 Call Canine Familiar     Summ           8%         N/A       28%         3
 Summon Guardian Golem    Hex/Summ       4%         N/A       52%         3
 Summon Lightning Spire   Summ/Air       4%         N/A       90%         4


Dungeon Overview and Level Annotations

Branches:
Dungeon (2/15)

Altars:


Innate Abilities, Weirdness & Mutations

You are immune to poison.
You have sharp fingernails.
Your flesh is cold resistant. (rC+)
You are immune to negative energy. (rN+++)
You do not regenerate when monsters are visible.
You are immune to unholy pain and torment.
You thrive by killing the living.


Message History

The bat hits you.
* * * LOW HITPOINT WARNING * * *
The adder bites you.
* * * LOW HITPOINT WARNING * * *
The bat hits you.
* * * LOW HITPOINT WARNING * * *
Casting: Call Imp (safe; 14% risk of failure)
Confirm with . or Enter, or press ? or * to list all spells.
The bat hits you but does no damage. The adder bites you but does no damage.
The bat closely misses you. The adder bites you.
* * * LOW HITPOINT WARNING * * *
You hit the bat.
You kill the bat!
You feel better.
Your crimson imp disappears in a puff of smoke!
Your bat barely misses the adder.
The adder closely misses you.
Your bat hits the adder but does no damage.
The adder bites you but does no damage. The adder attacks as you move away!
The adder bites you.
* * * LOW HITPOINT WARNING * * *
Your bat closely misses the adder.
Your bat barely misses the adder.
Your bat hits the adder but does no damage.
You see here a scroll labelled ATSAHE PEVIO.
You closely miss the adder.
The adder is moderately wounded.
Your bat misses the adder. The adder barely misses you.
The adder completely misses you.
You miss the adder.
The adder is moderately wounded.
Your bat closely misses the adder.
The adder closely misses you.
Your bat hits the adder. The adder closely misses you.
You miss the adder.
The adder is moderately wounded.
Your bat misses the adder. The adder completely misses you.
You hit the adder.
The adder is severely wounded.
Your bat closely misses the adder.
The adder bites you.
* * * LOW HITPOINT WARNING * * *
The adder bites you.
You die...

##≈≈≈ ≈≈≈≈≈≈#
##≈≈≈≈≈≈≈≈≈≈≈≈## ..
##≈≈≈≈≈≈≈≈≈≈≈≈≈≈## ..
#≈≈≈≈≈≈≈≈≈≈≈≈≈≈≈≈## #.
≈≈≈≈≈≈≈≈≈≈≈≈≈≈≈≈≈≈# #.
≈≈≈≈≈≈≈≈≈≈≈≈≈≈≈≈≈≈# #.
≈≈≈≈≈≈≈#..#≈≈≈≈≈≈≈### #.
≈≈≈≈≈≈≈S##........'.####
≈≈≈≈≈≈≈@##§§......'.....
≈≈≈≈≈b≈#..#≈≈≈≈≈≈≈##....
≈≈≈≈≈≈≈≈≈≈≈≈≈≈≈≈≈≈##....
≈≈≈≈≈≈≈≈≈≈≈≈≈≈≈≈≈≈######
#≈≈≈≈≈≈≈≈≈≈≈≈≈≈≈≈## #
##≈≈≈≈≈≈≈≈≈≈≈≈≈≈##
##≈≈≈≈≈≈≈≈≈≈≈≈##
##≈≈≈≈≈≈≈≈≈≈##
##≈≈≈≈≈≈≈≈##


You could see an adder (ally target) and a friendly bat (summoned).

Vanquished Creatures
  A dart slug (D:1)
  3 bats
  2 endoplasms (D:1)
  A giant cockroach (D:1)
  2 goblins
  5 hobgoblins
  A kobold (D:2)
  3 ball pythons
  A frilled lizard (D:1)
  A rat (D:1)
20 creatures vanquished.

Vanquished Creatures (collateral kills)
  A dart slug (D:1)
  A goblin (D:1)
  A rat (D:1)
3 creatures vanquished.

Vanquished Creatures (others)
  A bat (D:2)
1 creature vanquished.

Grand Total: 24 creatures vanquished

Notes
Turn   | Place    | Note
-------+----------+-------------------------------------------
     0 | D:1      | keekatzer the Ghoul Summoner began the quest for the Orb.
     0 | D:1      | Reached XP level 1. HP: 14/14 MP: 2/2
    34 | D:1      | Reached skill level 1 in Fighting
   297 | D:1      | Reached XP level 2. HP: 9/24 MP: 3/3
   541 | D:1      | Learned a level 2 spell: Call Imp
   928 | D:1      | Reached XP level 3. HP: 30/30 MP: 4/4
  1235 | D:2      | Reached skill level 1 in Armour
  1263 | D:2      | HP: 1/30 [adder (3)]
  1263 | D:2      | Slain by an adder

Illustrated notes

Levels and vault maps discovered:
D:1:      psy_arrival_fountain, layout_basic, minmay_misc_feat_alley,
          hangedman_decor_growths
D:2:      kennysheep_big_flooded_room, layout_basic, basic_altar, st_stairs_7,
          serial_park_tiny_2, uniq_natasha, uniq_terence

Skill      XL: |  1  2  3 |
---------------+----------+-----
Fighting       | 1 2 |  2.6
Armour         | 1 |  1.0
Dodging        | |  1.7
Stealth        | |  2.1
Spellcasting   | |  1.7
Summonings     | |  3.6

Action                   || total
-------------------------++-------
Melee: Flail             ||    78
       Hand axe          ||     8
       Unarmed           ||     5
       Punch             ||     1
 Cast: Summon Small Mamm ||     8
       Call Imp          ||     4
 Stab: Distracted        ||     1
       Sleeping          ||     1
Armor: Robe              ||     4
       Leather armour    ||    26
Dodge: Dodged            ||    85
